Map: Kairos Junction LE

Players

PtitDrogo - Winner!

  • Race: Protoss Protoss
  • League: Master
  • Spawn Location: 5:00

Lambo

  • Race: Zerg Zerg
  • League: Master
  • Spawn Location: 11:00

Event: QLASH StarCraft II Invitational 2 Offline Finals

VOD

Have the link to the VOD?

Description

Time

  • Played on: July 27, 2019, 9:49 a.m.
  • Length: 8:20

All games in this series

Show
View Real Time Build Order
Export as new Build Order

PtitDrogo Protoss - Winner!

Build Orders: 1 Gate Expand, Archon Immortal 

Get SALT Encoding   

  12  0:00  Probe  
  13  0:13  Probe  
  14  0:18  Pylon  
  14  0:25  Probe  
  15  0:33  Probe  
  15  0:40  Gateway  
  15  0:41  Probe  
  17  0:50  Assimilator  
  17  0:51  Probe  
  18  1:03  Probe  
  19  1:17  Probe  
  20  1:26  Nexus  
  20  1:36  Cybernetics Core  
  20  1:39  Probe  
  21  1:45  Assimilator  
  21  1:51  Probe  
  22  1:59  Pylon  
  22  2:03  Probe  
  22  2:07  Adept  
  23  2:17  Probe  
  23  2:20  Robotics Facility  
  26  2:23  Warp Gate  
  26  2:27  Stalker  
  26  2:29  Probe  
  27  2:37  Probe  
  27  2:41  Probe  
  31  2:45  Probe  
  32  2:53  Probe  
  32  2:55  Probe  
  32  2:58  Warp Prism  
  35  3:05  Probe  
  35  3:07  Probe  
  35  3:08  Sentry  
  40  3:13  Pylon  
  40  3:17  Probe  
  40  3:19  Probe  
  42  3:21  Gateway  
  42  3:24  Immortal  
  46  3:35  Probe  
  46  3:36  Probe  
  48  3:42  Pylon  
  48  3:47  Probe  
  49  3:48  Probe  
  50  3:59  Probe  
  50  4:01  Probe  
  52  4:03  Immortal  
  56  4:11  Probe  
  56  4:13  Probe  
  56  4:16  Zealot  
  60  4:17  Pylon  
  60  4:18  Zealot  
  62  4:24  Forge, Twilight Council  
  62  4:29  Assimilator  
  62  4:32  Assimilator  
  62  4:35  Probe  
  63  4:38  Zealot  
  63  4:39  Zealot  
  67  4:46  Probe  
  67  4:48  Immortal  
  68  4:53  Protoss Ground Weapons Level 1  
  68  5:00  Probe  
  68  5:01  Probe  
  68  5:05  Charge  
  66  5:10  Sentry  
  66  5:11  Gateway x2  
  66  5:12  Probe  
  69  5:22  Pylon  
  69  5:26  Gateway  
  69  5:28  Gateway  
  69  5:39  Gateway  
  69  5:40  Immortal  
  69  5:41  Gateway, Sentry  
  75  5:59  Gateway, Templar Archives  
  75  6:02  Pylon x2  
  75  6:04  Pylon  
  75  6:09  Zealot  
  77  6:29  Zealot x5  
  77  6:31  Pylon  
  87  6:34  Zealot x2  
  91  6:42  Pylon  
  91  6:43  Pylon  
  91  6:51  High Templar x4  
  91  6:53  Zealot x3  
  91  6:54  Zealot  
  107  6:55  Archon x2  
  107  6:57  Pylon  
  107  7:01  Sentry  
  109  7:17  High Templar x2  
  109  7:19  Zealot x2  
  109  7:22  Archon  
  117  7:23  Zealot x4  
  117  7:24  Zealot  
  113  7:42  Zealot  
  113  7:43  Zealot x5  
  99  7:44  Probe  
  99  7:47  Probe  
  83  8:00  Zealot x3  
  83  8:01  Zealot x3  
  83  8:02  Probe  
Show
View Real Time Build Order
Export as new Build Order

Lambo Zerg 

Build Orders: Hatch First 

Get SALT Encoding   

  12  0:00  Drone  
  13  0:13  Overlord  
  13  0:17  Drone  
  14  0:31  Drone x2  
  16  0:39  Drone  
  17  0:52  Hatchery  
  17  0:56  Drone  
  17  0:58  Drone  
  18  1:10  Extractor  
  17  1:14  Spawning Pool  
  17  1:18  Drone  
  17  1:21  Drone  
  18  1:28  Drone  
  19  1:44  Drone  
  20  1:58  Overlord  
  20  2:00  Queen  
  22  2:05  Drone, Queen  
  22  2:07  Zergling x2  
  26  2:13  Zergling x2  
  27  2:16  Metabolic Boost  
  27  2:17  Drone  
  28  2:23  Drone  
  28  2:29  Drone  
  30  2:39  Hatchery  
  30  2:42  Drone  
  30  2:43  Drone  
  31  2:48  Drone  
  32  2:53  Overlord  
  33  3:05  Drone  
  33  3:07  Queen  
  33  3:09  Zergling x2  
  36  3:13  Drone x2  
  36  3:15  Drone x4  
  36  3:19  Drone x2  
  44  3:29  Overlord  
  44  3:35  Overlord  
  44  3:40  Roach Warren  
  44  3:41  Drone  
  44  3:48  Drone  
  45  3:53  Drone x5  
  45  3:54  Drone  
  51  3:56  Drone  
  51  4:00  Overlord, Extractor  
  51  4:01  Extractor  
  50  4:03  Drone  
  50  4:05  Drone  
  52  4:11  Queen  
  52  4:13  Zergling x4  
  52  4:16  Zergling x2  
  57  4:21  Overlord, Zergling x2  
  57  4:22  Zergling x8  
  62  4:27  Zergling x4  
  62  4:31  Lair  
  64  4:33  Zergling x4  
  65  4:42  Drone, Overlord  
  65  4:45  Roach x2  
  69  4:51  Roach x2, Zergling x2  
  70  4:53  Drone x4  
  70  4:56  Drone  
  71  5:00  Drone x3  
  71  5:05  Drone  
  71  5:06  Evolution Chamber  
  74  5:08  Extractor  
  74  5:13  Drone x2  
  75  5:17  Drone  
  75  5:18  Drone x2  
  78  5:23  Overlord  
  78  5:25  Roach x2  
  78  5:28  Overlord  
  82  5:32  Glial Reconstitution  
  82  5:34  Overlord  
  82  5:37  Overlord  
  82  5:39  Overlord  
  82  5:42  Overlord  
  82  5:45  Roach  
  82  5:46  Roach x3  
  89  5:51  Roach x4  
  89  5:54  Roach x3  
  89  5:56  Ravager x3  
  106  5:59  Roach  
  106  6:02  Roach  
  110  6:06  Roach x4  
  118  6:11  Zerg Missile Weapons Level 1  
  118  6:12  Overlord x2  
  118  6:13  Roach  
  117  6:20  Roach x2  
  117  6:23  Roach x2  
  125  6:29  Roach x3  
  130  6:35  Overlord  
  130  6:37  Roach x5  
  140  6:43  Roach x3  
  146  6:48  Overlord  
  146  6:49  Overlord  
  146  6:50  Extractor  
  146  6:54  Overlord  
  145  6:56  Ravager x2  
  145  6:57  Roach  
  145  6:59  Roach  
  151  7:02  Roach  
  151  7:05  Overlord x3  
  151  7:08  Overlord  
  153  7:10  Overlord  
  153  7:13  Overlord  
  153  7:15  Roach  
  155  7:19  Roach x2  
  155  7:21  Roach, Ravager  
  162  7:26  Roach x2  
  166  7:31  Roach  
  166  7:32  Roach  
  159  7:39  Roach x5  
  159  7:43  Roach x2  
  127  7:45  Roach  
  127  7:47  Roach  
  127  7:48  Zergling x4  
  114  7:56  Roach  
Tags
 
Add a new tag
Caveats
  • Supply blocks, unpowered buildings, or Contaminate may cause inaccurate times.
  • Supply counts are checked every 10 seconds.